 Dungeon Crawl Stone Soup version 0.18.1-48-g4cf74bf (webtiles) character file.

760 Mesmaeker13 the Covert (level 7, -4/49 HPs)
             Began as a Vampire Assassin on July 11, 2016.
             Was a Follower of Okawaru.
             Slain by a gnoll
             ... wielding a +0 halberd
              (11 damage)
             ... on level 5 of the Dungeon.
             The game lasted 00:15:17 (4753 turns).

Mesmaeker13 the Covert (Vampire Assassin)           Turns: 4753, Time: 00:15:18

Health: -4/49      AC:  7    Str: 10    XL:     7   Next: 50%
Magic:  0/7        EV: 13    Int: 14    God:    Okawaru [*.....]
Gold:   184        SH:  0    Dex: 17    Spells: 0 memorised, 6 levels left

rFire  + . .     SeeInvis +     A - +1 dagger (speed)
rCold  . . .     Gourm    .     q - +1 ring mail {rF+}
rNeg   + . .     Faith    .     (no shield)
rPois  .         Spirit   +     (no helmet)
rElec  .         Dismiss  .     d - +0 cloak
rCorr  .         Reflect  .     (no gloves)
SustAt .         Harm     .     (no boots)
MR     .....                    w - amulet of guardian spirit
Stlth  +++++.....               (no ring)
                                (no ring)

@: not resistant to hostile enchantments, quite stealthy
A: fangs 3, see invisible, unbreathing
a: Bat Form, Heroism, Renounce Religion


You were on level 5 of the Dungeon.
You worshipped Okawaru.
Okawaru was aware of your devotion.
You were not thirsty.

You visited 1 branch of the dungeon, and saw 5 of its levels.

You collected 184 gold pieces.

Inventory:

Hand Weapons
 a - a +2 dagger
 b - a +0 blowgun
 A - a +1 dagger of speed (weapon)
Missiles
 e - 36 poisoned needles
 f - 2 curare-tipped needles
Armour
 d - a +0 cloak (worn)
 q - a +1 ring mail of fire resistance (worn)
Jewellery
 w - an amulet of guardian spirit (around neck)
Wands
 y - a wand of polymorph (8/24)
Scrolls
 c - a scroll of amnesia {unknown}
 h - 2 scrolls of teleportation {unknown}
 i - a scroll of blinking
 k - a scroll of remove curse
 l - a scroll of enchant weapon {unknown}
 m - 2 scrolls of fog
 p - a scroll of magic mapping {unknown}
 r - a scroll of recharging {unknown}
 s - a scroll of noise {unknown}
 u - a scroll of immolation {unknown}
 C - a scroll of identify
Potions
 g - a potion of haste {unknown}
 j - 2 potions of ambrosia
 n - 2 potions of heal wounds {unknown}
 o - a potion of invisibility {unknown}
 t - a potion of curing {unknown}
 v - 2 potions of mutation {unknown}
 x - a potion of agility {unknown}
 z - 2 potions of cure mutation {unknown}
 B - 2 potions of blood


   Skills:
 - Level 1.7 Fighting
 + Level 5.4 Short Blades
 + Level 1.7 Throwing
 + Level 5.0 Dodging
 + Level 10.0 Stealth


You had 6 spell levels left.
You didn't know any spells.

Dungeon Overview and Level Annotations

Branches:
Dungeon (5/15)
 Temple: D:4-7

Altars:
Okawaru
Xom
Zin


Innate Abilities, Weirdness & Mutations

You have razor-sharp teeth.
You have supernaturally acute eyesight.
You can survive without breathing.


Message History

a club; a leather armour; a scroll of identify; a poisoned needle You hit the gnoll.
The gnoll is heavily wounded.
The gnoll hits you with a halberd!
* * * LOW HITPOINT WARNING * * *
You are too injured to fight recklessly!
You are too injured to fight recklessly!
The gnoll misses you.
Things that are here:
2 poisoned needles; a robe The gnoll looks more healthy.
The gnoll misses you. The gnoll closely misses you.
The gnoll hits you but does no damage.
There is an open door here.
The gnoll barely misses you.
The gnoll hits you from afar with a halberd!
* * * LOW HITPOINT WARNING * * *
The gnoll hits you from afar with a halberd!
You die...

###.#............#
......##...#'#)#.#####
#.##.###...#.#[#.....#
...........#.#<#.....#
#..#.##....#.#(#.....###
#..#.##....#.#.#........
...#.##......#.#.....###
...#.##......#.#.....#
...#.##...##.#g#@....# ..
#..#.#....##.#.#.....# ...
#.##.#.##.#..#g#g....####....
........#.#..#g#.............
####.#..#.#.##'#g............
#..#.#..#.#....g........)....
#).#.#..#.###......#######'#.
#..#.####.# #.............
#..#.# #.# #.............


You could see 3 gnolls.

Vanquished Creatures
  Duvessa (D:5)
  A phantom (D:5)
  An ogre (D:4)
  Dowan (D:5)
  2 howler monkeys
  An orc priest (D:4)
  2 hounds (D:4)
  A gnoll shaman (D:5)
  3 orc wizards
  Jessica (D:3)
  3 adders
  A shadow imp (D:4)
  An ooze (D:4)
  An adder zombie (D:5)
  2 worms (D:4)
  8 giant geckos
  6 orcs
  4 ball pythons
  4 bats
  5 giant cockroaches
  5 hobgoblins
  3 jackals
  5 giant newts
  7 goblins
  A jackal skeleton (D:5)
  17 kobolds
  3 rats
90 creatures vanquished.

Notes
Turn   | Place    | Note
--------------------------------------------------------------
     0 | D:1      | Mesmaeker13 the Vampire Assassin began the quest for the Orb.
     0 | D:1      | Reached XP level 1. HP: 16/16 MP: 1/1
    28 | D:1      | Reached skill level 6 in Stealth
   170 | D:1      | Reached XP level 2. HP: 19/22 MP: 2/2
   338 | D:1      | Reached skill level 7 in Stealth
   701 | D:2      | Reached XP level 3. HP: 27/27 MP: 3/3
   755 | D:2      | Found an iron altar of Okawaru.
   978 | D:2      | Became a worshipper of Warmaster Okawaru
  1008 | D:2      | Found a shimmering altar of Xom.
  1110 | D:2      | Found a faded altar to an unknown god.
  1369 | D:2      | Found a glowing silver altar of Zin.
  1597 | D:3      | Noticed Jessica
  1618 | D:3      | Killed Jessica
  1618 | D:3      | Reached XP level 4. HP: 24/33 MP: 4/4
  1907 | D:3      | Reached skill level 8 in Stealth
  2071 | D:4      | Reached XP level 5. HP: 20/38 MP: 5/5
  2703 | D:4      | Noticed an ogre
  2705 | D:4      | Killed an ogre
  2705 | D:4      | Reached * piety under Okawaru
  2705 | D:4      | Reached skill level 9 in Stealth
  2705 | D:4      | Reached XP level 6. HP: 44/44 MP: 6/6
  2919 | D:5      | Entered Level 5 of the Dungeon
  3028 | D:5      | Noticed Duvessa
  3397 | D:5      | Noticed Dowan
  3424 | D:5      | Killed Dowan
  3624 | D:5      | Reached XP level 7. HP: 36/49 MP: 5/7
  4365 | D:5      | Killed Duvessa
  4365 | D:5      | Reached skill level 5 in Short Blades
  4639 | D:5      | Reached skill level 10 in Stealth
  4736 | D:5      | Reached skill level 5 in Dodging
  4753 | D:5      | Slain by a gnoll

Skill      XL: |  1  2  3  4  5  6  7 |
---------------+----------------------+-----
Stealth        | 6 7 8 9 10 | 10.0
Dodging        | 2 3 4 5 |  5.0
Short Blades   | 3 4 5 |  5.4
Fighting       | |  1.7
Throwing       | |  1.7

Action                   |  1- 3 |  4- 6 |  7- 9 || total
-------------------------+-------+-------+-------++-------
Melee: Dagger            |   120 |   155 |   118 ||   393
       Bite              |     6 |    26 |    16 ||    48
 Fire: Blowgun           |    12 |    34 |    26 ||    72
  Use: Scroll            |     3 |     3 |     1 ||     7
       Potion            |       |    11 |     2 ||    13
 Stab: Sleeping          |    13 |     7 |       ||    20
       Distracted        |     1 |       |       ||     1
Armor: Robe              |    15 |       |       ||    15
       Ring mail         |    15 |    36 |    15 ||    66
Dodge: Dodged            |    78 |    54 |    53 ||   185
